 Dungeon Crawl Stone Soup version 0.24.0-13-gcf9b319 (webtiles) character file.

Game seed: 17575238978198151072, levelgen mode: deterministic

4636 Bronimir the Skirmisher (level 10, 0/102 HPs)
             Began as an Ogre Fire Elementalist on May 3, 2020.
             Was a High Priest of Okawaru.
             Slain by Sonja
             ... wielding a +1 short sword of draining
              (7 damage)
             ... on level 1 of the Lair of Beasts on May 7, 2020.
             The game lasted 00:27:45 (11070 turns).

Bronimir the Skirmisher (Ogre Fire Elementalist)   Turns: 11070, Time: 00:27:46

Health: 0/102      AC:  6    Str: 15    XL:     10   Next: 43%
Magic:  16/20      EV:  9    Int: 18    God:    Okawaru [*****.]
Gold:   293        SH:  0    Dex:  9    Spells: 2/22 levels left

rFire    . . .     SeeInvis .   a - +4 halberd (freeze)
rCold    + . .     Gourm    .   (shield currently unavailable)
rNeg     . . .     Faith    +   f - +0 robe
rPois    .         Spirit   .   (helmet restricted)
rElec    .         Reflect  .   I - +0 cloak
rCorr    .         Harm     .   (gloves unavailable)
MR       +....                  (boots unavailable)
Stlth    +.........             m - amulet of faith
HPRegen  0.27/turn              y - ring of wizardry
MPRegen  0.17/turn              O - ring of protection from cold

@: lethally poisoned (0 -> -18), slowed, heavily drained, very slow
A: large, unfitting armour, yellow scales 1, tough skin 1, wild magic 1
a: Heroism, Finesse, Renounce Religion


You were on level 1 of the Lair of Beasts.
You worshipped Okawaru.
Okawaru was extremely pleased with you.
You were very hungry.

You visited 2 branches of the dungeon, and saw 9 of its levels.

You collected 543 gold pieces.
You spent 250 gold pieces at shops.

Inventory:

Hand Weapons
 a - a +4 halberd of freezing (weapon)
 h - a +1 flail of holy wrath
 p - a +1 whip of flaming
 w - a +3 hand axe
 H - a +0 spear of venom
Missiles
 b - 10 boomerangs (quivered)
 j - 264 stones
 k - 136 arrows
 r - 36 bolts
 C - 25 poisoned darts
 P - 2 javelins
Armour
 f - a +0 robe (worn)
 v - a +0 shield
 A - a +1 hat
 I - a +0 cloak (worn)
Jewellery
 m - an amulet of faith (around neck)
 y - a ring of wizardry (left hand)
 z - an uncursed ring of protection from magic
 B - an uncursed ring of see invisible
 G - a +4 ring of dexterity
 M - an uncursed amulet of regeneration {unknown}
 O - a ring of protection from cold (right hand)
Wands
 F - a wand of polymorph (9)
 J - a wand of random effects (20)
 L - a wand of paralysis (7)
 N - a wand of enslavement (5)
 Q - a wand of flame (22)
Scrolls
 g - 7 scrolls of identify
 i - a scroll of acquirement {unknown}
 o - a scroll of enchant weapon {unknown}
 s - 8 scrolls of remove curse
 u - 2 scrolls of blinking
 E - 2 scrolls of enchant armour {unknown}
 K - a scroll of random uselessness {unknown}
Potions
 d - 2 potions of haste
 e - a potion of agility
 l - 2 potions of flight
 n - a potion of mutation
 q - a potion of ambrosia
 t - a potion of curing
 x - 3 potions of lignification {unknown}
 D - a potion of heal wounds
Comestibles
 c - 7 rations


   Skills:
 * Level 7.0(4.5) Fighting
 + Level 0.6(0.0) Maces & Flails
 + Level 5.2(2.8) Polearms
 + Level 1.6(0.0) Throwing
 + Level 3.4(1.1) Dodging
 - Level 1.4(0.0) Stealth
 * Level 4.4(2.1) Shields
 + Level 0.5(0.0) Unarmed Combat
 * Level 6.8(4.3) Spellcasting
 * Level 5.3(2.9) Conjurations
 * Level 5.8(3.4) Fire Magic
 * Level 4.8(2.4) Invocations


You had 2 spell levels left.
You knew the following spells:

 Your Spells              Type           Power        Failure   Level  Hunger
a - Flame Tongue          Conj/Fire      ###..        2%          1    None
b - Throw Flame           Conj/Fire      ###...       4%          2    ##.....
c - Conjure Flame         Conj/Fire      ###.....     7%          3    ###....
d - Sticky Flame          Conj/Fire      ###.....     21%         4    ####...
e - Fireball              Conj/Fire      ###.......   45%         5    ######.
f - Mephitic Cloud        Conj/Pois/Air  #.......     16%         3    ###....
g - Blink                 Tloc           N/A          12%         2    ##.....

Your spell library contained the following spells:

 Spells                   Type           Power        Failure   Level  Hunger
 Magic Dart               Conj           ###.         2%          1    None
 Call Imp                 Summ           #.......     12%         2    ##.....
 Slow                     Hex            #.......     12%         2    ##.....
 Inner Flame              Hex/Fire       ##......     12%         3    ###....


Dungeon Overview and Level Annotations

Branches:
Dungeon (8/15)             Temple (0/1) D:6            Lair (1/6) D:8

Altars:
Ashenzari
Cheibriados
Elyvilon
Hepliaklqana
Kikubaaqudgha
Okawaru
Ru
Sif Muna
Trog
Uskayaw
Vehumet
Wu Jian
Yredelemnul
The Shining One

Shops:
D:4 %!:%*   D:5 :   D:7 *!   D:8 }

Annotations:
D:8 3 runed translucent doors, snackwell's ghost, novice DsGl
Lair:1 Sonja


Innate Abilities, Weirdness & Mutations

You are too large for most types of armour.
You have tough skin. (AC +1)
You are partially covered in yellow scales. (AC +2)
Your spells are a little harder to cast, but a little more powerful.


Message History

Press: ? - help, Shift-Dir - straight line, f - Sonja
Aim: Sonja, wielding a +1 short sword of draining and carrying a wand of scattershot (1)
The sticky flame hits Sonja.
Sonja is lightly wounded.
Sonja is covered in liquid flames!
* * * LOW HITPOINT WARNING * * *
You feel very sick.
Sonja burns! x2; Sonja completely misses you.
Sonja hits you with a +1 short sword of draining.
* * * LOW HITPOINT WARNING * * *
You feel drained.
* * * LOW HITPOINT WARNING * * *
Sonja hits you but does no damage.
You feel drained.
Sonja hits you with a +1 short sword of draining!
* * * LOW HITPOINT WARNING * * *
You feel drained.
* * * LOW HITPOINT WARNING * * *
Sonja barely misses you.
Sonja hits you with a +1 short sword of draining!
You die...

#.......# #.......#
#........# ##.......#
..).....#############
#....................
#................>...
#....................
.........$.((@.......
#.............K......
#....................
#..[.................
###.#######PP#####.#
#. #### #


You could see Sonja (burning).

Vanquished Creatures
  Pikel (D:8)
  A spiny frog (Lair:1)
  Grinder (D:6)
  3 hippogriffs
  A yak (D:6)
  A wyvern (D:6)
  A sky beast (D:8)
  2 ice beasts (D:8)
  3 ogres
  A centaur (D:6)
  2 crocodiles (D:8)
  Blork the orc (D:6)
  3 bullfrogs
  A wyvern zombie (D:6)
  3 scorpions
  11 wights
  A howler monkey (D:5)
  A crimson imp (D:5)
  A quasit (D:8)
  A centaur zombie (D:7)
  A bullfrog skeleton (D:5)
  4 hounds
  A jelly (D:6)
  5 orc priests
  A centaur skeleton (D:8)
  An iguana (D:4)
  5 orc wizards
  6 worker ants
  A howler monkey zombie (D:6)
  A worker ant zombie (D:7)
  7 gnolls
  12 adders
  5 shadow imps
  4 oozes
  An adder skeleton (D:4)
  A worm (D:2)
  A dart slug (D:2)
  12 leopard geckos
  17 orcs
  9 giant cockroaches
  2 gnoll zombies (D:6)
  13 goblins
  9 hobgoblins
  7 jackals
  6 kobolds
  8 quokkas
  3 ball pythons
  4 bats
  4 frilled lizards
  A giant cockroach zombie (D:6)
  6 rats
198 creatures vanquished.

Vanquished Creatures (others)
  A crimson imp (D:8)
  A quasit (D:8)
  A worker ant zombie (D:8)
3 creatures vanquished.

Grand Total: 201 creatures vanquished

Notes
Turn   | Place    | Note
-------+----------+-------------------------------------------
     0 | D:1      | Bronimir the Ogre Fire Elementalist began the quest for the
                  | Orb.
     0 | D:1      | Reached XP level 1. HP: 16/16 MP: 3/3
   215 | D:1      | Reached XP level 2. HP: 24/24 MP: 3/5
   282 | D:1      | Learned a level 2 spell: Throw Flame
   754 | D:2      | Reached XP level 3. HP: 32/32 MP: 2/7
   795 | D:2      | Reached skill level 1 in Conjurations
  1062 | D:2      | Learned a level 3 spell: Conjure Flame
  1166 | D:2      | Reached skill level 1 in Fighting
  1297 | D:1      | Reached XP level 4. HP: 30/41 MP: 5/8
  1911 | D:2      | Reached XP level 5. HP: 44/48 MP: 5/10
  2240 | D:2      | Found a sacrificial altar of Ru.
  2635 | D:2      | Found a shimmering blue altar of Sif Muna.
  3153 | D:3      | Learned a level 4 spell: Sticky Flame
  3468 | D:3      | Found a glowing golden altar of the Shining One.
  3693 | D:3      | Found a white marble altar of Elyvilon.
  3731 | D:3      | Found a hazy altar of Hepliaklqana.
  3731 | D:3      | Found an iron altar of Okawaru.
  3732 | D:3      | Found a snail-covered altar of Cheibriados.
  3920 | D:3      | Became a worshipper of Warmaster Okawaru
  4006 | D:3      | Reached skill level 1 in Throwing
  4006 | D:3      | Reached XP level 6. HP: 30/57 MP: 6/12
  4461 | D:3      | Reached skill level 2 in Fighting
  5242 | D:4      | Reached * piety under Okawaru
  5242 | D:4      | Reached skill level 1 in Shields
  5242 | D:4      | Reached XP level 7. HP: 66/66 MP: 8/13
  5366 | D:4      | Reached skill level 1 in Polearms
  5382 | D:4      | Gained mutation: Your spells are a little harder to cast,
                  | but a little more powerful. [potion of mutation]
  5382 | D:4      | Gained mutation: You are partially covered in yellow
                  | scales. (AC +2) [potion of mutation]
  5382 | D:4      | HP: 3/66 [leopard gecko (1)]
  5712 | D:4      | Found Xodwueme's Distillery.
  5718 | D:4      | Bought a potion of heal wounds for 50 gold pieces
  5718 | D:4      | Bought a potion of heal wounds for 50 gold pieces
  5718 | D:4      | Bought a potion of degeneration for 10 gold pieces
  5727 | D:4      | Found Dadym Ytwa's Food Emporium.
  5765 | D:4      | Found Saxtetz's Assorted Antiques.
  5771 | D:4      | Bought a glowing halberd for 140 gold pieces
  5829 | D:4      | Learned a level 5 spell: Fireball
  5835 | D:4      | Found Quskaafe's Book Emporium.
  5944 | D:4      | Found Sutav's Food Shoppe.
  6013 | D:5      | Entered Level 5 of the Dungeon
  6257 | D:5      | Reached skill level 3 in Fighting
  6431 | D:5      | Found a hide-covered altar of Uskayaw.
  6432 | D:5      | Found an ornate altar of the Wu Jian Council.
  6481 | D:5      | Found Sahec's Book Boutique.
  6524 | D:5      | Reached skill level 5 in Spellcasting
  6591 | D:5      | Reached skill level 4 in Fighting
  6595 | D:5      | Reached ** piety under Okawaru
  6760 | D:5      | Found a radiant altar of Vehumet.
  6859 | D:5      | Reached XP level 8. HP: 62/78 MP: 6/15
  7019 | D:6      | Noticed a yak
  7028 | D:6      | Killed a yak
  7028 | D:6      | Reached skill level 1 in Invocations
  7385 | D:6      | Found a staircase to the Ecumenical Temple.
  7413 | D:6      | Noticed Blork the orc
  7421 | D:6      | Killed Blork the orc
  7666 | D:6      | Found a shattered altar of Ashenzari.
  7755 | D:6      | Noticed Grinder
  7764 | D:6      | Killed Grinder
  7764 | D:6      | Reached *** piety under Okawaru
  7764 | D:6      | Reached skill level 5 in Fighting
  7846 | D:6      | Noticed a wyvern
  7848 | D:6      | Killed a wyvern
  7848 | D:6      | Reached skill level 5 in Fire Magic
  7853 | D:6      | Reached XP level 9. HP: 42/88 MP: 8/17
  8294 | D:6      | Found a basalt altar of Yredelemnul.
  8317 | D:7      | Found Fomapp's Assorted Antiques.
  8459 | D:7      | Received a gift from Okawaru
  8459 | D:7      | Reached **** piety under Okawaru
  8928 | D:7      | Found a bloodstained altar of Trog.
  9221 | D:7      | Found Veuzxyl's Distillery.
  9749 | D:8      | Reached skill level 6 in Fighting
  9836 | D:8      | Found a runed translucent gate.
  9836 | D:8      | Found a runed translucent gate.
  9836 | D:8      | Found a runed translucent gate.
  9871 | D:8      | Noticed Pikel
  9877 | D:8      | Killed Pikel
  9887 | D:8      | Found an ancient bone altar of Kikubaaqudgha.
  9958 | D:8      | Reached ***** piety under Okawaru
  9984 | D:8      | Reached skill level 5 in Conjurations
  9984 | D:8      | Reached XP level 10. HP: 86/100 MP: 14/19
 10101 | D:8      | Learned a level 3 spell: Mephitic Cloud
 10107 | D:8      | Learned a level 2 spell: Blink
 10401 | D:8      | Found a staircase to the Lair.
 10410 | D:8      | Found Pocwo's Gadget Shoppe.
 10497 | D:8      | Noticed snackwell's ghost (novice DsGl)
 10593 | D:8      | Reached skill level 5 in Polearms
 10953 | Lair:1   | Entered Level 1 of the Lair of Beasts
 11031 | Lair:1   | Noticed a spiny frog
 11036 | Lair:1   | Killed a spiny frog
 11036 | Lair:1   | Received a gift from Okawaru
 11036 | Lair:1   | Reached skill level 7 in Fighting
 11063 | Lair:1   | Noticed Sonja
 11070 | Lair:1   | Slain by Sonja

Levels and vault maps discovered:
D:1:      tarquinn_simple_flora_water_d, layout_loops_ring
D:2:      layout_basic, marbit_many_paths, nicolae_ru_great_annihilating_truth,
          minmay_domino_2
D:3:      layout_basic, lemuel_round_altar, gammafunk_temple_overflow_forgotten,
          first_ration, tso_metal_star
D:4:      wander_river, layout_cave_pools, serial_shops, kennysheep_little_box,
          shop_coins, nicolae_shop_overgrown_old_shop, shop_statue,
          nicolae_shop_statue_plus, portal_sewer_entry_f
D:5:      layout_basic, gammafunk_temple_overflow_pools, basic_altar,
          serial_shops, shop
D:6:      cheibrodos_barr_body, layout_rooms, lemuel_zombie_altar_yredelemnul,
          ashenzari_conservatory_becter, minmay_temple_entry_stoned_glass,
          uniq_blork_the_orc, uniq_grinder
D:7:      layout_layer_cave, bloody_trog, serial_shops, shop, shop
D:8:      layout_basic, kiku_gazebo_garden_becter, lair_entry_dummy,
          gammafunk_ghost_icy, serial_shops, shop, uniq_pikel
Lair:1:   layout_big_grid, grunt_megastairs_3, serial_bayou_shore_a,
          infiniplex_staircase_pool, uniq_sonja

Skill      XL: |  1  2  3  4  5  6  7  8  9 10 |
---------------+-------------------------------+-----
Fire Magic     | 3 4 5 |  5.8
Conjurations   | 1 2 3 5 |  5.3
Spellcasting   | 3 4 5 6 |  6.8
Fighting       | 1 2 4 5 6 7 |  7.0
Dodging        | 2 3 |  3.4
Throwing       | 1 |  1.6
Shields        | 1 2 3 4 |  4.4
Polearms       | 1 3 4 5 |  5.2
Invocations    | 2 4 |  4.8
Maces & Flails | |  0.6
Stealth        | |  1.4
Unarmed Combat | |  0.5

Action                   |  1- 3 |  4- 6 |  7- 9 | 10-12 || total
-------------------------+-------+-------+-------+-------++-------
Melee: Unarmed           |    19 |       |       |       ||    19
       Club              |     1 |     1 |       |       ||     2
       Flail             |       |     5 |       |       ||     5
       Spear             |       |    57 |    12 |       ||    69
       Halberd           |       |       |   155 |    64 ||   219
       Hand axe          |       |       |    11 |       ||    11
Throw: Boomerang         |    27 |    19 |    14 |       ||    60
 Cast: Flame Tongue      |    39 |    80 |    10 |       ||   129
       Throw Flame       |       |     3 |       |       ||     3
       Sticky Flame      |       |    11 |    49 |    13 ||    73
  Use: Scroll            |     3 |     3 |     3 |       ||     9
       Potion            |       |       |     6 |     1 ||     7
 Stab: Sleeping          |       |     2 |     1 |     1 ||     4
  Eat: Chunk             |     1 |    12 |    15 |     1 ||    29
       Ration            |       |     1 |     3 |     1 ||     5
Armor: Robe              |    11 |    29 |    83 |    28 ||   151
Dodge: Dodged            |    31 |    86 |   157 |    38 ||   312
